WCHLSIM.com - West Coast Hockey League
html PUBLIC "-//W3C//DTD XHTML 1.0 Transitional//EN" "http://www.w3.org/TR/xhtml1/DTD/xhtml1-transitional.dtd"> WCHL - Game 546 - EDMONTON ICE vs KELOWNA ROCKETS

EDMONTON ICE vs KELOWNA ROCKETS

Created - 22 décembre 2019 at 10:56

Goals
1 2 3 T
EDMONTON ICE 3 2 0 5
KELOWNA ROCKETS 2 4 0 6
Shots
1 2 3 T
EDMONTON ICE 16 12 7 35
KELOWNA ROCKETS 4 11 5 20

1st period

1. EDMONTON ICE , Ryan O'Reilly 21 (Anthony Mantha 22, Oscar Klefbom 18) at 6:03
2. EDMONTON ICE , Ryan O'Reilly 22 (Oscar Klefbom 19, Jeff Petry 13) at 8:06 (PP)
3. KELOWNA ROCKETS , Anthony Cirelli 7 (Jordan Eberle 7) at 12:11
4. KELOWNA ROCKETS , James van Riemsdyk 8 (Dmitri Orlov 9) at 16:52
5. EDMONTON ICE , Ondrej Kase 6 (Loui Eriksson 2, Valtteri Filppula 16) at 17:27

Penalties :
Nick Bjugstad (KEL) for Charging (Minor) at 6:23, Anthony Cirelli (KEL) for Hooking (Minor) at 12:43

2nd period

6. KELOWNA ROCKETS , James van Riemsdyk 9 (Vladimir Tarasenko 27, Nick Bjugstad 13) at 3:01
7. KELOWNA ROCKETS , Vladimir Tarasenko 18 (Nick Bjugstad 14, James van Riemsdyk 7) at 4:43
8. EDMONTON ICE , Ryan O'Reilly 23 (Patric Hornqvist 21, Anthony Mantha 23) at 8:46
9. EDMONTON ICE , Colton Parayko 4 (Anthony Mantha 24, Patric Hornqvist 22) at 9:50
10. KELOWNA ROCKETS , Nick Bjugstad 9 (Vladimir Tarasenko 28, Drew Doughty 22) at 14:35
11. KELOWNA ROCKETS , Nick Bjugstad 10 (Vladimir Tarasenko 29, Dmitri Orlov 10) at 19:49

Penalties :
No Penalty

3rd period

No Goal

Penalties :
Tanner Pearson (EDM) for High sticking (Minor) at 4:07, Nick Bjugstad (KEL) for Tripping (Minor) at 12:18, Andrew MacDonald (EDM) for Hooking (Minor) at 12:18

Goalie Stats

Jake Allen (EDM), 14 saves from 20 shots - (0,700), L, 19-14-0, 59:21 minutes
Marcus Hogberg (KEL), 30 saves from 35 shots - (0,857), W, 3-4-0, 60:00 minutes

Players Stats for EDMONTON ICE

Player Name              G  A  P  +/- PIM S  H  SB GA TA FO     MP     PP MP  PK MP  
------------------------------------------------------------------------------------
Andrew MacDonald         0  0  0   0  2   0  0  1  0  0  0/0    19:01   0:00   1:13 
Anthony Mantha           0  3  3   3  0   6  0  0  0  0  1/2    21:33   1:30   0:11 
Brendan Perlini          0  0  0  -1  0   0  0  0  0  0  0/0     3:47   0:00   0:00 
Casey Nelson             0  0  0  -2  0   2  0  0  0  0  0/0    13:27   0:00   0:00 
Colton Parayko           1  0  1   0  0   2  1  1  0  0  0/0    25:24   1:35   0:46 
Conor Sheary             0  0  0  -4  0   1  0  0  0  0  2/2    14:45   2:12   0:00 
Eric Fehr                0  0  0  -4  0   1  0  0  0  0  9/14   13:26   0:00   0:53 
Jeff Petry               0  1  1   0  0   1  4  0  0  0  0/0    23:19   2:07   0:46 
Joshua Ho-Sang           0  0  0   0  0   0  0  0  0  0  0/0     0:00   0:00   0:00 
Loui Eriksson            0  1  1  -1  0   0  1  0  0  0  1/1    20:37   0:00   0:42 
Markus Nutivaara         0  0  0  -2  0   1  1  0  0  0  0/0    14:48   1:35   0:00 
Ondrej Kase              1  0  1   0  0   4  1  0  0  0  1/2    18:34   2:12   0:00 
Oscar Klefbom            0  2  2   0  0   0  2  2  0  0  0/0    24:00   2:07   1:13 
Oscar Lindberg           0  0  0  -1  0   0  1  0  0  0  2/2     4:39   0:00   1:06 
Patric Hornqvist         0  2  2   3  0   4  1  0  0  0  0/0    21:22   1:30   0:00 
Ryan O'Reilly            3  0  3   3  0   10 0  0  0  0  22/27  21:36   1:30   0:00 
Tanner Pearson           0  0  0  -4  2   2  2  0  0  0  0/0    14:17   0:00   0:00 
Valtteri Filppula        0  1  1   0  0   1  1  0  0  0  18/26  21:25   2:12   1:06 

Players Stats for KELOWNA ROCKETS

Player Name              G  A  P  +/- PIM S  H  SB GA TA FO     MP     PP MP  PK MP  
------------------------------------------------------------------------------------
Alexander Ovechkin       0  0  0  -1  0   1  3  0  0  0  0/1    21:13   0:37   0:24 
Anthony Cirelli          1  0  1   0  2   1  2  1  0  0  4/16   13:06   0:00   1:11 
Colby Cave               0  0  0   0  0   0  0  0  0  0  1/2     6:52   0:00   0:53 
Dmitri Orlov             0  2  2   3  0   0  2  1  0  0  0/0    23:02   0:00   1:49 
Drew Doughty             0  1  1  -1  0   0  0  3  0  0  0/0    24:43   0:45   1:49 
Evgeny Kuznetsov         0  0  0  -1  0   2  1  0  0  0  5/16   20:49   0:37   0:00 
Jake Bean                0  0  0   0  0   0  3  0  0  0  0/0    17:24   0:37   0:00 
James van Riemsdyk       2  1  3   3  0   3  0  0  0  0  0/2    17:34   1:22   0:00 
Joakim Nordstrom         0  0  0   0  0   1  0  0  0  0  0/1     7:08   0:00   1:09 
Jonas Siegenthaler       0  0  0   0  0   0  2  3  0  0  0/0    19:50   0:00   1:53 
Jordan Eberle            0  1  1   0  0   1  1  1  0  0  1/4    14:20   0:45   2:25 
Marcus Pettersson        0  0  0  -1  0   0  1  1  0  0  0/0    16:58   1:22   0:00 
Matthew Peca             0  0  0   0  0   0  0  0  0  0  0/6     5:59   0:00   0:00 
Nick Bjugstad            2  2  4   3  4   3  1  1  0  0  9/25   18:09   0:37   1:22 
Nikita Zadorov           0  0  0   3  0   0  5  3  0  0  0/0    17:26   0:37   1:53 
Pavel Buchnevich         0  0  0   0  0   2  0  0  0  0  0/1    11:47   0:37   0:00 
Tyler Bertuzzi           0  0  0  -1  0   2  2  0  0  0  0/1    19:36   0:37   0:00 
Vladimir Tarasenko       1  3  4   3  0   4  0  0  0  0  0/1    18:20   1:22   0:00 

3 Stars

1 - Ryan O'Reilly (EDM)
2 - Vladimir Tarasenko (KEL)
3 - James van Riemsdyk (KEL)

Power Play

EDMONTON ICE - 1 on 2 Attempt(s) - 50,00%
KELOWNA ROCKETS - 0 on 1 Attempt(s) - 0,00%

Penalty Kill

EDMONTON ICE - 1 on 1 Attempt(s) - 100,00% - Score 0 goal in Penalty Kill
KELOWNA ROCKETS - 1 on 2 Attempt(s) - 50,00% - Score 0 goal in Penalty Kill

Team Stat

EDMONTON ICE - Hits : 15 - Faceoff Wins : 56 - Blocked Shots : 4 - Penalty Minutes : 4
KELOWNA ROCKETS - Hits : 23 - Faceoff Wins : 20 - Blocked Shots : 14 - Penalty Minutes : 6

Official

Referees : Ben Moser and Pierre Lambert
Linesman : Alexander Ledovskiy and Ed Boyle

Game Notes

Ryan O'Reilly has scored a Hat Trick!

Finance

Level 1 -- Attendance: 3821 (57,89%) -- Ticket Income 725 990 $
Level 2 -- Attendance: 3572 (63,79%) -- Ticket Income 446 500 $
Level 3 -- Attendance: 1370 (42,81%) -- Ticket Income 137 000 $
Level 4 -- Attendance: 2490 (44,46%) -- Ticket Income 161 850 $
Luxury Box -- Attendance: 701 (70,10%) -- Ticket Income 238 340 $
Game was played at the Cherepanov Coliseum.
Total Attendance: 11954 (54,34%)
Total Ticket Income: 1 709 680 $
Other Income: 512 904 $
Total Income: 2 222 584 $

EDMONTON ICE

5 vs 5 Forward 
   Center                   Left Wing                Right Wing               Time % Phy DF OF 
 1 Ryan O'Reilly            Anthony Mantha           Patric Hornqvist         37     0   2  3  
 2 Valtteri Filppula        Loui Eriksson            Ondrej Kase              35     1   2  2  
 3 Eric Fehr                Tanner Pearson           Conor Sheary             22     1   3  1  
 4 Oscar Lindberg           Loui Eriksson            Brendan Perlini          6      0   4  1  

5 vs 5 Defense 
   Defense                  Defense                                           Time % Phy DF OF 
 1 Jeff Petry               Colton Parayko                                    36     1   2  2  
 2 Oscar Klefbom            Andrew MacDonald                                  34     1   2  2  
 3 Markus Nutivaara         Casey Nelson                                      23     0   4  1  
 4 Colton Parayko           Oscar Klefbom                                     7      1   2  2  

PowerPlay Forward 
   Center                   Left Wing                Right Wing               Time % Phy DF OF 
 1 Ryan O'Reilly            Anthony Mantha           Patric Hornqvist         60     0   1  4  
 2 Valtteri Filppula        Conor Sheary             Ondrej Kase              40     0   2  3  

PowerPlay Defense
   Defense                  Defense                                           Time % Phy DF OF 
 1 Oscar Klefbom            Jeff Petry                                        55     0   2  3  
 2 Colton Parayko           Markus Nutivaara                                  45     1   2  2  

Penalty Kill 4 Players Forward 
   Center                   Wing                     Time % Phy DF OF 
 1 Eric Fehr                Loui Eriksson            55     0   4  1  
 2 Valtteri Filppula        Oscar Lindberg           45     0   4  1  

Penalty Kill 4 Players Defense
   Defense                  Defense                  Time % Phy DF OF 
 1 Oscar Klefbom            Andrew MacDonald         55     0   5  0  
 2 Colton Parayko           Jeff Petry               45     0   5  0  

Penalty Kill - 3 Players Forward 
   Forward                                           Time % Phy DF OF 
 1 Eric Fehr                                         55     0   5  0  
 2 Oscar Lindberg                                    45     0   5  0  

Penalty Kill - 3 Players Defense
   Defense                  Defense                  Time % Phy DF OF 
 1 Oscar Klefbom            Andrew MacDonald         55     0   5  0  
 2 Jeff Petry               Colton Parayko           45     0   5  0  

4 vs 4 Forward 
   Center                   Wing                     Time % Phy DF OF 
 1 Valtteri Filppula        Tanner Pearson           55     0   3  2  
 2 Ryan O'Reilly            Brendan Perlini          45     1   2  2  

4 vs 4 Defense
   Defense                  Defense                  Time % Phy DF OF 
 1 Andrew MacDonald         Colton Parayko           55     0   3  2  
 2 Oscar Klefbom            Andrew MacDonald         45     1   2  2  

Last Minutes Offensive
   Center                   Left Wing                Right Wing               Defense                  Defense                  
   Ryan O'Reilly            Anthony Mantha           Patric Hornqvist         Jeff Petry               Colton Parayko           

Last Minutes Defensive
   Center                   Left Wing                Right Wing               Defense                  Defense                  
   Ryan O'Reilly            Anthony Mantha           Eric Fehr                Jeff Petry               Oscar Klefbom            

Goaltenders
Starting : Jake Allen               
Backup : Philipp Grubauer         

Extra Forwards
Normal : Patric Hornqvist, Ondrej Kase, Tanner Pearson - PP : Ondrej Kase, Tanner Pearson - PK : Tanner Pearson
Extra Defensemen
Normal : Andrew MacDonald, Colton Parayko, Jeff Petry - PP : Jeff Petry - PK : Markus Nutivaara, Andrew MacDonald
Penalty Shots
Ryan O'Reilly, Anthony Mantha, Patric Hornqvist, Ondrej Kase, Valtteri Filppula
Custom OT Lines Forwards
Ryan O'Reilly, Anthony Mantha, Patric Hornqvist, Valtteri Filppula, Ondrej Kase, Loui Eriksson, Tanner Pearson, Conor Sheary, Eric Fehr, Oscar Lindberg
Custom OT Lines Defensemen
Jeff Petry, Colton Parayko, Oscar Klefbom, Andrew MacDonald, Markus Nutivaara

Scratches
Kasperi Kapanen (Left Eye Injury), Jaden Schwartz (Lacerated Right Calf Injury)

KELOWNA ROCKETS

5 vs 5 Forward 
   Center                   Left Wing                Right Wing               Time % Phy DF OF 
 1 Evgeny Kuznetsov         Alexander Ovechkin       Tyler Bertuzzi           36     0   1  4  
 2 Nick Bjugstad            James van Riemsdyk       Vladimir Tarasenko       36     0   1  4  
 3 Anthony Cirelli          Pavel Buchnevich         Jordan Eberle            23     0   3  2  
 4 Matthew Peca             Joakim Nordstrom         Colby Cave               5      0   3  2  

5 vs 5 Defense 
   Defense                  Defense                                           Time % Phy DF OF 
 1 Drew Doughty             Marcus Pettersson                                 33     1   3  1  
 2 Dmitri Orlov             Nikita Zadorov                                    31     1   3  1  
 3 Jake Bean                Jonas Siegenthaler                                20     1   4  0  
 4 Dmitri Orlov             Drew Doughty                                      16     0   3  2  

PowerPlay Forward 
   Center                   Left Wing                Right Wing               Time % Phy DF OF 
 1 Evgeny Kuznetsov         James van Riemsdyk       Vladimir Tarasenko       75     1   0  4  
 2 Nick Bjugstad            Tyler Bertuzzi           Pavel Buchnevich         25     1   0  4  

PowerPlay Defense
   Defense                  Defense                                           Time % Phy DF OF 
 1 Marcus Pettersson        Alexander Ovechkin                                75     0   1  4  
 2 Jake Bean                Nikita Zadorov                                    25     0   1  4  

Penalty Kill 4 Players Forward 
   Center                   Wing                     Time % Phy DF OF 
 1 Anthony Cirelli          Nick Bjugstad            55     1   4  0  
 2 Joakim Nordstrom         Jordan Eberle            45     1   4  0  

Penalty Kill 4 Players Defense
   Defense                  Defense                  Time % Phy DF OF 
 1 Drew Doughty             Dmitri Orlov             55     1   4  0  
 2 Nikita Zadorov           Jonas Siegenthaler       45     1   4  0  

Penalty Kill - 3 Players Forward 
   Forward                                           Time % Phy DF OF 
 1 Anthony Cirelli                                   55     0   5  0  
 2 Joakim Nordstrom                                  45     0   5  0  

Penalty Kill - 3 Players Defense
   Defense                  Defense                  Time % Phy DF OF 
 1 Dmitri Orlov             Drew Doughty             55     1   4  0  
 2 Nikita Zadorov           Jonas Siegenthaler       45     1   4  0  

4 vs 4 Forward 
   Center                   Wing                     Time % Phy DF OF 
 1 Evgeny Kuznetsov         Alexander Ovechkin       50     0   2  3  
 2 Anthony Cirelli          Vladimir Tarasenko       50     0   2  3  

4 vs 4 Defense
   Defense                  Defense                  Time % Phy DF OF 
 1 Drew Doughty             Nikita Zadorov           50     1   2  2  
 2 Dmitri Orlov             Jonas Siegenthaler       50     1   2  2  

Last Minutes Offensive
   Center                   Left Wing                Right Wing               Defense                  Defense                  
   Colby Cave               Alexander Ovechkin       Vladimir Tarasenko       Drew Doughty             Dmitri Orlov             

Last Minutes Defensive
   Center                   Left Wing                Right Wing               Defense                  Defense                  
   Anthony Cirelli          Colby Cave               Vladimir Tarasenko       Drew Doughty             Dmitri Orlov             

Goaltenders
Starting : Marcus Hogberg           
Backup : Maxime Lagace            

Extra Forwards
Normal : Pavel Buchnevich, Tyler Bertuzzi, Alexander Ovechkin - PP : Jordan Eberle, Alexander Ovechkin - PK : Jordan Eberle
Extra Defensemen
Normal : Nikita Zadorov, Marcus Pettersson, Jake Bean - PP : Jonas Siegenthaler - PK : Marcus Pettersson, Jonas Siegenthaler
Penalty Shots
Alexander Ovechkin, Evgeny Kuznetsov, Vladimir Tarasenko, James van Riemsdyk, Pavel Buchnevich
Custom OT Lines Forwards
Evgeny Kuznetsov, Alexander Ovechkin, Nick Bjugstad, Vladimir Tarasenko, Anthony Cirelli, James van Riemsdyk, Tyler Bertuzzi, Pavel Buchnevich, Joakim Nordstrom, Jordan Eberle
Custom OT Lines Defensemen
Drew Doughty, Nikita Zadorov, Dmitri Orlov, Marcus Pettersson, Jonas Siegenthaler

Scratches
Auston Matthews (Right Leg Injury), Chris Tanev (Bruised Left Shoulder Injury), Duncan Siemens (Healthy), Zack Mitchell (Healthy), Tuukka Rask (Healthy)

% Time on Ice - EDMONTON ICE

Lines # - Real PCT - Wanted PCT - Time Play
Normal Forward
1 - 37% - 37% - 18:53
2 - 32% - 35% - 16:22
3 - 24% - 22% - 12:33
4 - 7% - 6% - 3:33
Normal Defense
1 - 34% - 36% - 17:42
2 - 35% - 34% - 17:49
3 - 26% - 23% - 13:13
4 - 5% - 7% - 2:37
PP Forward
1 - 41% - 60% - 1:30
2 - 59% - 40% - 2:12
PP Defense
1 - 57% - 55% - 2:07
2 - 43% - 45% - 1:35
PK Forward
1 - 45% - 55% - 0:53
2 - 55% - 45% - 1:06
PK Defense
1 - 61% - 55% - 1:13
2 - 39% - 45% - 0:46
PK3 Forward
1 - 0% - 55%
2 - 0% - 45%
PK3 Defense
1 - 0% - 55%
2 - 0% - 45%
44 Forward
1 - 88% - 55% - 1:45
2 - 12% - 45% - 0:14
44 Defense
1 - 88% - 55% - 1:45
2 - 12% - 45% - 0:14
Last Minute Offensive  - 0:59
Last Minute Defensive  - 0:00
Total
Forward - 60:00
Defense - 60:00

% Time on Ice - KELOWNA ROCKETS

Lines # - Real PCT - Wanted PCT - Time Play
Normal Forward
1 - 36% - 36% - 18:59
2 - 31% - 36% - 16:12
3 - 21% - 23% - 11:10
4 - 11% - 5% - 5:59
Normal Defense
1 - 28% - 33% - 14:47
2 - 27% - 31% - 13:58
3 - 32% - 20% - 16:44
4 - 13% - 16% - 6:51
PP Forward
1 - 69% - 75% - 1:22
2 - 31% - 25% - 0:37
PP Defense
1 - 69% - 75% - 1:22
2 - 31% - 25% - 0:37
PK Forward
1 - 69% - 55% - 2:33
2 - 31% - 45% - 1:09
PK Defense
1 - 49% - 55% - 1:49
2 - 51% - 45% - 1:53
PK3 Forward
1 - 0% - 55%
2 - 0% - 45%
PK3 Defense
1 - 0% - 55%
2 - 0% - 45%
44 Forward
1 - 61% - 50% - 1:13
2 - 39% - 50% - 0:46
44 Defense
1 - 39% - 50% - 0:46
2 - 61% - 50% - 1:13
Last Minute Offensive  - 0:00
Last Minute Defensive  - 0:00
Total
Forward - 60:00
Defense - 60:00

Play-by-Play

1st period


0:01 of 1st period - Ryan O'Reilly wins face-off versus Evgeny Kuznetsov in neutral zone.
0:19 of 1st period - Icing by Jeff Petry.
0:20 of 1st period - Ryan O'Reilly wins face-off versus Nick Bjugstad in EDMONTON ICE zone.
1:07 of 1st period - Shot by Valtteri Filppula.
1:07 of 1st period - Shot Blocked by Dmitri Orlov.
1:09 of 1st period - Shot by Andrew MacDonald.
1:09 of 1st period - Shot Blocked by Nick Bjugstad.
1:27 of 1st period - Shot by Loui Eriksson.
1:27 of 1st period - Shot Misses the Net.
1:39 of 1st period - Shot by Oscar Klefbom.
1:39 of 1st period - Shot Blocked by Nikita Zadorov.
1:43 of 1st period - Shot by Loui Eriksson.
1:43 of 1st period - Deflect By Valtteri Filppula.
1:43 of 1st period - Shot Misses the Net.
2:07 of 1st period - Shot by Conor Sheary.
2:07 of 1st period - Shot Blocked by Anthony Cirelli.
2:21 of 1st period - Shot by Eric Fehr.
2:21 of 1st period - Shot Misses the Net.
2:52 of 1st period - Shot by Alexander Ovechkin.
2:52 of 1st period - Shot Hit the Post.
3:41 of 1st period - Icing by Joakim Nordstrom.
3:42 of 1st period - Conor Sheary wins face-off versus Matthew Peca in KELOWNA ROCKETS zone.
3:52 of 1st period - Icing by Jonas Siegenthaler.
3:53 of 1st period - Valtteri Filppula wins face-off versus Matthew Peca in KELOWNA ROCKETS zone.
5:00 of 1st period - Shot by Conor Sheary.
5:00 of 1st period - Shot Misses the Net.
5:53 of 1st period - Shot by Pavel Buchnevich.
5:53 of 1st period - Deflect By Jordan Eberle.
5:53 of 1st period - Stopped by Jake Allen without a rebound.
5:54 of 1st period - Ryan O'Reilly wins face-off versus Nick Bjugstad in EDMONTON ICE zone.
6:03 of 1st period - Shot by Ryan O'Reilly.
6:03 of 1st period - Goal by Ryan O'Reilly - EDMONTON ICE : 1 - KELOWNA ROCKETS : 0.
6:04 of 1st period - Ryan O'Reilly wins face-off versus Anthony Cirelli in neutral zone.
6:09 of 1st period - Shot by Ryan O'Reilly.
6:09 of 1st period - Stopped by Marcus Hogberg without a rebound.
6:10 of 1st period - Ryan O'Reilly wins face-off versus Vladimir Tarasenko in KELOWNA ROCKETS zone.
6:10 of 1st period - Ryan O'Reilly is hit by Marcus Pettersson.
6:23 of 1st period - Minor Penalty to Nick Bjugstad for Charging.
6:24 of 1st period - Ryan O'Reilly wins face-off versus Jordan Eberle in KELOWNA ROCKETS zone.
6:48 of 1st period - Shot by Patric Hornqvist.
6:48 of 1st period - Stopped by Marcus Hogberg without a rebound.
6:49 of 1st period - Valtteri Filppula wins face-off versus Anthony Cirelli in KELOWNA ROCKETS zone.
6:52 of 1st period - Shot by Conor Sheary.
6:52 of 1st period - Stopped by Marcus Hogberg without a rebound.
6:53 of 1st period - Valtteri Filppula wins face-off versus Anthony Cirelli in KELOWNA ROCKETS zone.
7:13 of 1st period - Icing by Valtteri Filppula.
7:14 of 1st period - Valtteri Filppula wins face-off versus Joakim Nordstrom in EDMONTON ICE zone.
7:38 of 1st period - Shot by Conor Sheary.
7:38 of 1st period - Shot Misses the Net.
7:40 of 1st period - Shot by Ondrej Kase.
7:40 of 1st period - Shot Blocked by Jonas Siegenthaler.
7:42 of 1st period - Shot by Conor Sheary.
7:42 of 1st period - Deflect By Ondrej Kase.
7:42 of 1st period - Stopped by Marcus Hogberg without a rebound.
7:43 of 1st period - Ryan O'Reilly wins face-off versus Anthony Cirelli in KELOWNA ROCKETS zone.
8:02 of 1st period - Shot by Oscar Klefbom.
8:02 of 1st period - Shot Misses the Net.
8:04 of 1st period - Shot by Ryan O'Reilly.
8:04 of 1st period - Stopped by Marcus Hogberg with a rebound.
8:06 of 1st period - Shot by Ryan O'Reilly.
8:06 of 1st period - Goal by Ryan O'Reilly - EDMONTON ICE : 2 - KELOWNA ROCKETS : 0.
8:07 of 1st period - Oscar Lindberg wins face-off versus Nick Bjugstad in neutral zone.
8:23 of 1st period - Icing by Vladimir Tarasenko.
8:24 of 1st period - Ryan O'Reilly wins face-off versus Nick Bjugstad in KELOWNA ROCKETS zone.
8:40 of 1st period - Vladimir Tarasenko is hit by Jeff Petry and loses puck.
8:48 of 1st period - Vladimir Tarasenko is hit by Jeff Petry and loses puck.
9:37 of 1st period - Shot by Alexander Ovechkin.
9:37 of 1st period - Shot Misses the Net.
10:23 of 1st period - Ondrej Kase is hit by Nikita Zadorov and loses puck.
10:48 of 1st period - Off-side.
10:49 of 1st period - Eric Fehr wins face-off versus Anthony Cirelli in neutral zone.
11:04 of 1st period - Shot by Tanner Pearson.
11:04 of 1st period - Stopped by Marcus Hogberg without a rebound.
11:05 of 1st period - Oscar Lindberg wins face-off versus Nick Bjugstad in KELOWNA ROCKETS zone.
11:08 of 1st period - Shot by Loui Eriksson.
11:08 of 1st period - Shot Misses the Net.
11:10 of 1st period - Shot by Loui Eriksson.
11:10 of 1st period - Shot Misses the Net.
11:12 of 1st period - Shot by Casey Nelson.
11:12 of 1st period - Stopped by Marcus Hogberg without a rebound.
11:13 of 1st period - Eric Fehr wins face-off versus Anthony Cirelli in KELOWNA ROCKETS zone.
11:27 of 1st period - Icing by Oscar Klefbom.
11:28 of 1st period - Eric Fehr wins face-off versus Nick Bjugstad in EDMONTON ICE zone.
11:51 of 1st period - Off-side.
11:52 of 1st period - Anthony Cirelli wins face-off versus Valtteri Filppula in neutral zone.
11:52 of 1st period - Jordan Eberle is hit by Ondrej Kase and loses puck.
11:58 of 1st period - Anthony Cirelli is hit by Colton Parayko and loses puck.
12:11 of 1st period - Shot by Anthony Cirelli.
12:11 of 1st period - Goal by Anthony Cirelli - EDMONTON ICE : 2 - KELOWNA ROCKETS : 1.
12:12 of 1st period - Ryan O'Reilly wins face-off versus Evgeny Kuznetsov in neutral zone.
12:15 of 1st period - Shot by Patric Hornqvist.
12:15 of 1st period - Stopped by Marcus Hogberg without a rebound.
12:16 of 1st period - Ryan O'Reilly wins face-off versus Anthony Cirelli in KELOWNA ROCKETS zone.
12:37 of 1st period - Jeff Petry is hit by Anthony Cirelli and loses puck.
12:41 of 1st period - Colton Parayko is hit by Anthony Cirelli and loses puck.
12:43 of 1st period - Minor Penalty to Anthony Cirelli for Hooking.
12:44 of 1st period - Valtteri Filppula wins face-off versus Jordan Eberle in KELOWNA ROCKETS zone.
13:15 of 1st period - Icing by Ondrej Kase.
13:16 of 1st period - Colby Cave wins face-off versus Valtteri Filppula in EDMONTON ICE zone.
14:09 of 1st period - Shot by Ryan O'Reilly.
14:09 of 1st period - Stopped by Marcus Hogberg with a rebound.
14:11 of 1st period - Shot by Ryan O'Reilly.
14:11 of 1st period - Shot Misses the Net.
14:13 of 1st period - Shot by Ryan O'Reilly.
14:13 of 1st period - Deflect By Anthony Mantha.
14:13 of 1st period - Shot Misses the Net.
14:15 of 1st period - Shot by Anthony Mantha.
14:15 of 1st period - Shot Blocked by Nikita Zadorov.
14:17 of 1st period - Shot by Colton Parayko.
14:17 of 1st period - Shot Misses the Net.
14:19 of 1st period - Shot by Colton Parayko.
14:19 of 1st period - Stopped by Marcus Hogberg without a rebound.
14:20 of 1st period - Valtteri Filppula wins face-off versus Colby Cave in KELOWNA ROCKETS zone.
14:21 of 1st period - Shot by Jeff Petry.
14:21 of 1st period - Stopped by Marcus Hogberg without a rebound.
14:22 of 1st period - Valtteri Filppula wins face-off versus Nick Bjugstad in KELOWNA ROCKETS zone.
16:52 of 1st period - Shot by James van Riemsdyk.
16:52 of 1st period - Goal by James van Riemsdyk - EDMONTON ICE : 2 - KELOWNA ROCKETS : 2.
16:53 of 1st period - Valtteri Filppula wins face-off versus Pavel Buchnevich in neutral zone.
17:12 of 1st period - Valtteri Filppula is hit by Jonas Siegenthaler and loses puck.
17:15 of 1st period - Shot by Casey Nelson.
17:15 of 1st period - Shot Blocked by Jordan Eberle.
17:17 of 1st period - Shot by Ondrej Kase.
17:17 of 1st period - Shot Blocked by Jonas Siegenthaler.
17:19 of 1st period - Shot by Markus Nutivaara.
17:19 of 1st period - Stopped by Marcus Hogberg with a rebound.
17:21 of 1st period - Shot by Valtteri Filppula.
17:21 of 1st period - Deflect By Loui Eriksson.
17:21 of 1st period - Shot Misses the Net.
17:23 of 1st period - Shot by Ondrej Kase.
17:23 of 1st period - Shot Misses the Net.
17:25 of 1st period - Shot by Loui Eriksson.
17:25 of 1st period - Shot Misses the Net.
17:27 of 1st period - Shot by Ondrej Kase.
17:27 of 1st period - Goal by Ondrej Kase - EDMONTON ICE : 3 - KELOWNA ROCKETS : 2.
17:28 of 1st period - Ryan O'Reilly wins face-off versus Nick Bjugstad in neutral zone.
17:28 of 1st period - Ryan O'Reilly is hit by Nikita Zadorov.
17:35 of 1st period - Ryan O'Reilly is hit by Nikita Zadorov and loses puck.
18:10 of 1st period - Icing by Dmitri Orlov.
18:11 of 1st period - Nick Bjugstad wins face-off versus Valtteri Filppula in KELOWNA ROCKETS zone.
18:43 of 1st period - Shot by Pavel Buchnevich.
18:43 of 1st period - Stopped by Jake Allen without a rebound.
18:44 of 1st period - Eric Fehr wins face-off versus Anthony Cirelli in EDMONTON ICE zone.
19:18 of 1st period - Shot by Tanner Pearson.
19:18 of 1st period - Shot Hit the Post.
19:43 of 1st period - Shot by Anthony Mantha.
19:43 of 1st period - Stopped by Marcus Hogberg without a rebound.
19:44 of 1st period - Valtteri Filppula wins face-off versus Evgeny Kuznetsov in KELOWNA ROCKETS zone.
Goals for this period are 3 for EDMONTON ICE vs 2 for KELOWNA ROCKETS.
Shots for this period are 16 for EDMONTON ICE vs 4 for KELOWNA ROCKETS.

2nd period


0:01 of 2nd period - Valtteri Filppula wins face-off versus Nick Bjugstad in neutral zone.
1:02 of 2nd period - Shot by Alexander Ovechkin.
1:02 of 2nd period - Shot Misses the Net.
1:04 of 2nd period - Shot by Tyler Bertuzzi.
1:04 of 2nd period - Stopped by Jake Allen with a rebound.
1:06 of 2nd period - Shot by Tyler Bertuzzi.
1:06 of 2nd period - Stopped by Jake Allen without a rebound.
1:07 of 2nd period - Jordan Eberle wins face-off versus Ryan O'Reilly in EDMONTON ICE zone.
2:24 of 2nd period - Icing by Markus Nutivaara.
2:25 of 2nd period - Nick Bjugstad wins face-off versus Eric Fehr in EDMONTON ICE zone.
3:01 of 2nd period - Shot by James van Riemsdyk.
3:01 of 2nd period - Goal by James van Riemsdyk - EDMONTON ICE : 3 - KELOWNA ROCKETS : 3.
3:02 of 2nd period - Valtteri Filppula wins face-off versus Evgeny Kuznetsov in neutral zone.
3:59 of 2nd period - Ryan O'Reilly is hit by Tyler Bertuzzi and loses puck.
4:12 of 2nd period - Shot by Nick Bjugstad.
4:12 of 2nd period - Stopped by Jake Allen without a rebound.
4:13 of 2nd period - Ryan O'Reilly wins face-off versus James van Riemsdyk in EDMONTON ICE zone.
4:22 of 2nd period - Shot by Patric Hornqvist.
4:22 of 2nd period - Deflect By Ryan O'Reilly.
4:22 of 2nd period - Stopped by Marcus Hogberg without a rebound.
4:23 of 2nd period - Nick Bjugstad wins face-off versus Eric Fehr in KELOWNA ROCKETS zone.
4:23 of 2nd period - Nick Bjugstad is hit by Tanner Pearson.
4:41 of 2nd period - Shot by Vladimir Tarasenko.
4:41 of 2nd period - Shot Hit the Post.
4:43 of 2nd period - Shot by Vladimir Tarasenko.
4:43 of 2nd period - Goal by Vladimir Tarasenko - EDMONTON ICE : 3 - KELOWNA ROCKETS : 4.
4:44 of 2nd period - Ryan O'Reilly wins face-off versus Anthony Cirelli in neutral zone.
4:48 of 2nd period - Icing by Anthony Cirelli.
4:49 of 2nd period - Anthony Cirelli wins face-off versus Valtteri Filppula in KELOWNA ROCKETS zone.
5:22 of 2nd period - Anthony Cirelli is hit by Jeff Petry and loses puck.
6:00 of 2nd period - Anthony Mantha is hit by Jonas Siegenthaler and loses puck.
6:11 of 2nd period - Shot by Anthony Mantha.
6:11 of 2nd period - Stopped by Marcus Hogberg without a rebound.
6:12 of 2nd period - Nick Bjugstad wins face-off versus Eric Fehr in KELOWNA ROCKETS zone.
6:20 of 2nd period - Off-side.
6:21 of 2nd period - Evgeny Kuznetsov wins face-off versus Eric Fehr in neutral zone.
7:03 of 2nd period - Shot by Evgeny Kuznetsov.
7:03 of 2nd period - Stopped by Jake Allen without a rebound.
7:04 of 2nd period - Nick Bjugstad wins face-off versus Valtteri Filppula in EDMONTON ICE zone.
7:08 of 2nd period - Vladimir Tarasenko is hit by Oscar Klefbom and loses puck.
7:13 of 2nd period - Shot by Vladimir Tarasenko.
7:13 of 2nd period - Stopped by Jake Allen without a rebound.
7:14 of 2nd period - Ryan O'Reilly wins face-off versus James van Riemsdyk in EDMONTON ICE zone.
7:33 of 2nd period - Shot by Anthony Mantha.
7:33 of 2nd period - Stopped by Marcus Hogberg with a rebound.
7:39 of 2nd period - Shot by Ryan O'Reilly.
7:39 of 2nd period - Stopped by Marcus Hogberg without a rebound.
7:40 of 2nd period - Valtteri Filppula wins face-off versus Evgeny Kuznetsov in KELOWNA ROCKETS zone.
7:47 of 2nd period - Shot by Ondrej Kase.
7:47 of 2nd period - Stopped by Marcus Hogberg without a rebound.
7:48 of 2nd period - Evgeny Kuznetsov wins face-off versus Valtteri Filppula in KELOWNA ROCKETS zone.
7:57 of 2nd period - Shot by Alexander Ovechkin.
7:57 of 2nd period - Shot Blocked by Oscar Klefbom.
8:17 of 2nd period - Shot by Valtteri Filppula.
8:17 of 2nd period - Stopped by Marcus Hogberg without a rebound.
8:18 of 2nd period - Ryan O'Reilly wins face-off versus Nick Bjugstad in KELOWNA ROCKETS zone.
8:18 of 2nd period - Ryan O'Reilly is hit by Nikita Zadorov.
8:33 of 2nd period - Anthony Mantha is hit by Nikita Zadorov and loses puck.
8:36 of 2nd period - Shot by Anthony Mantha.
8:36 of 2nd period - Shot Misses the Net.
8:40 of 2nd period - Shot by Anthony Mantha.
8:40 of 2nd period - Shot Misses the Net.
8:46 of 2nd period - Shot by Patric Hornqvist.
8:46 of 2nd period - Deflect By Ryan O'Reilly.
8:46 of 2nd period - Goal by Ryan O'Reilly - EDMONTON ICE : 4 - KELOWNA ROCKETS : 4.
8:47 of 2nd period - Evgeny Kuznetsov wins face-off versus Valtteri Filppula in neutral zone.
9:24 of 2nd period - Shot by Loui Eriksson.
9:24 of 2nd period - Shot Misses the Net.
9:26 of 2nd period - Shot by Andrew MacDonald.
9:26 of 2nd period - Deflect By Ondrej Kase.
9:26 of 2nd period - Shot Misses the Net.
9:42 of 2nd period - Patric Hornqvist is hit by Alexander Ovechkin and loses puck.
9:48 of 2nd period - Shot by Anthony Mantha.
9:48 of 2nd period - Shot Misses the Net.
9:50 of 2nd period - Shot by Colton Parayko.
9:50 of 2nd period - Goal by Colton Parayko - EDMONTON ICE : 5 - KELOWNA ROCKETS : 4.
9:51 of 2nd period - Conor Sheary wins face-off versus Nick Bjugstad in neutral zone.
9:58 of 2nd period - Shot by Eric Fehr.
9:58 of 2nd period - Shot Misses the Net.
10:00 of 2nd period - Shot by Casey Nelson.
10:00 of 2nd period - Stopped by Marcus Hogberg without a rebound.
10:01 of 2nd period - Nick Bjugstad wins face-off versus Ryan O'Reilly in KELOWNA ROCKETS zone.
10:27 of 2nd period - Shot by Vladimir Tarasenko.
10:27 of 2nd period - Shot Misses the Net.
11:15 of 2nd period - Shot by Pavel Buchnevich.
11:15 of 2nd period - Shot Misses the Net.
12:02 of 2nd period - Alexander Ovechkin is hit by Oscar Klefbom and loses puck.
12:09 of 2nd period - Shot by Alexander Ovechkin.
12:09 of 2nd period - Shot Misses the Net.
12:11 of 2nd period - Shot by Alexander Ovechkin.
12:11 of 2nd period - Stopped by Jake Allen without a rebound.
12:12 of 2nd period - Eric Fehr wins face-off versus Matthew Peca in EDMONTON ICE zone.
12:19 of 2nd period - Shot by Joakim Nordstrom.
12:19 of 2nd period - Shot Misses the Net.
12:41 of 2nd period - Shot by Eric Fehr.
12:41 of 2nd period - Shot Blocked by Nikita Zadorov.
13:03 of 2nd period - Joakim Nordstrom is hit by Patric Hornqvist and loses puck.
14:35 of 2nd period - Shot by Nick Bjugstad.
14:35 of 2nd period - Goal by Nick Bjugstad - EDMONTON ICE : 5 - KELOWNA ROCKETS : 5.
14:36 of 2nd period - Eric Fehr wins face-off versus Evgeny Kuznetsov in neutral zone.
14:36 of 2nd period - Conor Sheary is hit by Tyler Bertuzzi and loses puck.
14:48 of 2nd period - Conor Sheary is hit by Jake Bean and loses puck.
14:51 of 2nd period - Shot by Eric Fehr.
14:51 of 2nd period - Stopped by Marcus Hogberg without a rebound.
14:52 of 2nd period - Ryan O'Reilly wins face-off versus Nick Bjugstad in KELOWNA ROCKETS zone.
14:57 of 2nd period - Shot by Patric Hornqvist.
14:57 of 2nd period - Stopped by Marcus Hogberg with a rebound.
14:59 of 2nd period - Shot by Ryan O'Reilly.
14:59 of 2nd period - Shot Hit the Post.
15:01 of 2nd period - Shot by Ryan O'Reilly.
15:01 of 2nd period - Deflect By Anthony Mantha.
15:01 of 2nd period - Shot Blocked by Marcus Pettersson.
15:03 of 2nd period - Shot by Jeff Petry.
15:03 of 2nd period - Shot Misses the Net.
15:05 of 2nd period - Shot by Ryan O'Reilly.
15:05 of 2nd period - Shot Hit the Post.
15:11 of 2nd period - Shot by Ryan O'Reilly.
15:11 of 2nd period - Stopped by Marcus Hogberg with a rebound.
15:58 of 2nd period - Shot by Evgeny Kuznetsov.
15:58 of 2nd period - Shot Misses the Net.
16:00 of 2nd period - Shot by Tyler Bertuzzi.
16:00 of 2nd period - Shot Misses the Net.
16:02 of 2nd period - Shot by Evgeny Kuznetsov.
16:02 of 2nd period - Stopped by Jake Allen without a rebound.
16:03 of 2nd period - Valtteri Filppula wins face-off versus Tyler Bertuzzi in EDMONTON ICE zone.
16:03 of 2nd period - Valtteri Filppula is hit by Alexander Ovechkin.
16:11 of 2nd period - Shot by Alexander Ovechkin.
16:11 of 2nd period - Deflect By Evgeny Kuznetsov.
16:11 of 2nd period - Shot Blocked by Andrew MacDonald.
16:38 of 2nd period - Ondrej Kase is hit by Jake Bean and loses puck.
17:09 of 2nd period - Shot by Anthony Cirelli.
17:09 of 2nd period - Shot Misses the Net.
17:11 of 2nd period - Shot by Anthony Cirelli.
17:11 of 2nd period - Shot Misses the Net.
17:13 of 2nd period - Shot by Jordan Eberle.
17:13 of 2nd period - Deflect By Anthony Cirelli.
17:13 of 2nd period - Shot Blocked by Oscar Klefbom.
17:34 of 2nd period - Icing by Valtteri Filppula.
17:35 of 2nd period - Valtteri Filppula wins face-off versus Nick Bjugstad in EDMONTON ICE zone.
19:17 of 2nd period - Icing by Alexander Ovechkin.
19:18 of 2nd period - Eric Fehr wins face-off versus Evgeny Kuznetsov in KELOWNA ROCKETS zone.
19:49 of 2nd period - Shot by Nick Bjugstad.
19:49 of 2nd period - Goal by Nick Bjugstad - EDMONTON ICE : 5 - KELOWNA ROCKETS : 6.
19:50 of 2nd period - Ryan O'Reilly wins face-off versus Anthony Cirelli in neutral zone.
Goals for this period are 2 for EDMONTON ICE vs 4 for KELOWNA ROCKETS.
Shots for this period are 12 for EDMONTON ICE vs 11 for KELOWNA ROCKETS.

3rd period


0:01 of 3rd period - Nick Bjugstad wins face-off versus Ryan O'Reilly in neutral zone.
0:08 of 3rd period - Shot by James van Riemsdyk.
0:08 of 3rd period - Stopped by Jake Allen with a rebound.
0:36 of 3rd period - Shot by Anthony Mantha.
0:36 of 3rd period - Stopped by Marcus Hogberg with a rebound.
0:38 of 3rd period - Shot by Oscar Klefbom.
0:38 of 3rd period - Shot Misses the Net.
0:40 of 3rd period - Shot by Ryan O'Reilly.
0:40 of 3rd period - Shot Blocked by Drew Doughty.
0:42 of 3rd period - Shot by Colton Parayko.
0:42 of 3rd period - Shot Misses the Net.
0:44 of 3rd period - Shot by Colton Parayko.
0:44 of 3rd period - Shot Blocked by Drew Doughty.
1:10 of 3rd period - Shot by Ondrej Kase.
1:10 of 3rd period - Shot Misses the Net.
1:59 of 3rd period - Tyler Bertuzzi is hit by Jeff Petry.
2:02 of 3rd period - Icing by Colton Parayko.
2:03 of 3rd period - Eric Fehr wins face-off versus Anthony Cirelli in EDMONTON ICE zone.
2:03 of 3rd period - Eric Fehr is hit by Jordan Eberle.
2:20 of 3rd period - Shot by Tanner Pearson.
2:20 of 3rd period - Stopped by Marcus Hogberg without a rebound.
2:21 of 3rd period - Ryan O'Reilly wins face-off versus Matthew Peca in KELOWNA ROCKETS zone.
2:24 of 3rd period - Shot by Ryan O'Reilly.
2:24 of 3rd period - Stopped by Marcus Hogberg without a rebound.
2:25 of 3rd period - Anthony Cirelli wins face-off versus Valtteri Filppula in KELOWNA ROCKETS zone.
2:40 of 3rd period - Shot by Jordan Eberle.
2:40 of 3rd period - Shot Misses the Net.
2:43 of 3rd period - Icing by Andrew MacDonald.
2:44 of 3rd period - Ondrej Kase wins face-off versus Evgeny Kuznetsov in EDMONTON ICE zone.
2:49 of 3rd period - Tyler Bertuzzi is hit by Loui Eriksson and loses puck.
3:34 of 3rd period - Shot by Ryan O'Reilly.
3:34 of 3rd period - Shot Blocked by Jonas Siegenthaler.
3:56 of 3rd period - Shot by Patric Hornqvist.
3:56 of 3rd period - Stopped by Marcus Hogberg with a rebound.
3:58 of 3rd period - Shot by Jeff Petry.
3:58 of 3rd period - Shot Misses the Net.
4:04 of 3rd period - Shot by Anthony Mantha.
4:04 of 3rd period - Stopped by Marcus Hogberg without a rebound.
4:05 of 3rd period - Nick Bjugstad wins face-off versus Eric Fehr in KELOWNA ROCKETS zone.
4:07 of 3rd period - Minor Penalty to Tanner Pearson for High sticking.
4:08 of 3rd period - Eric Fehr wins face-off versus Jordan Eberle in EDMONTON ICE zone.
4:26 of 3rd period - Off-side.
4:27 of 3rd period - Valtteri Filppula wins face-off versus Evgeny Kuznetsov in neutral zone.
6:06 of 3rd period - Shot by Vladimir Tarasenko.
6:06 of 3rd period - Stopped by Jake Allen without a rebound.
6:07 of 3rd period - Anthony Mantha wins face-off versus Matthew Peca in EDMONTON ICE zone.
6:19 of 3rd period - Patric Hornqvist is hit by Dmitri Orlov and loses puck.
6:46 of 3rd period - Shot by Jeff Petry.
6:46 of 3rd period - Shot Blocked by Drew Doughty.
6:48 of 3rd period - Shot by Ryan O'Reilly.
6:48 of 3rd period - Deflect By Anthony Mantha.
6:48 of 3rd period - Stopped by Marcus Hogberg with a rebound.
7:28 of 3rd period - Conor Sheary is hit by Dmitri Orlov and loses puck.
8:33 of 3rd period - Shot by Vladimir Tarasenko.
8:33 of 3rd period - Shot Misses the Net.
8:40 of 3rd period - Icing by Colton Parayko.
8:41 of 3rd period - Evgeny Kuznetsov wins face-off versus Anthony Mantha in EDMONTON ICE zone.
8:42 of 3rd period - Shot by Alexander Ovechkin.
8:42 of 3rd period - Shot Blocked by Colton Parayko.
9:39 of 3rd period - Shot by Pavel Buchnevich.
9:39 of 3rd period - Stopped by Jake Allen without a rebound.
9:40 of 3rd period - Valtteri Filppula wins face-off versus Nick Bjugstad in EDMONTON ICE zone.
9:40 of 3rd period - Valtteri Filppula is hit by Nick Bjugstad.
9:48 of 3rd period - Shot by Ondrej Kase.
9:48 of 3rd period - Stopped by Marcus Hogberg without a rebound.
9:49 of 3rd period - Valtteri Filppula wins face-off versus Nick Bjugstad in KELOWNA ROCKETS zone.
9:50 of 3rd period - Shot by Ondrej Kase.
9:50 of 3rd period - Shot Misses the Net.
9:52 of 3rd period - Shot by Oscar Klefbom.
9:52 of 3rd period - Shot Misses the Net.
11:36 of 3rd period - Icing by Drew Doughty.
11:37 of 3rd period - Ryan O'Reilly wins face-off versus Anthony Cirelli in KELOWNA ROCKETS zone.
12:07 of 3rd period - Icing by Oscar Klefbom.
12:08 of 3rd period - Ryan O'Reilly wins face-off versus Alexander Ovechkin in EDMONTON ICE zone.
12:08 of 3rd period - Ryan O'Reilly is hit by Alexander Ovechkin.
12:13 of 3rd period - Icing by Ryan O'Reilly.
12:14 of 3rd period - Ryan O'Reilly wins face-off versus Nick Bjugstad in EDMONTON ICE zone.
12:18 of 3rd period - Minor Penalty to Nick Bjugstad for Tripping.
12:18 of 3rd period - Minor Penalty to Andrew MacDonald for Hooking.
12:19 of 3rd period - Valtteri Filppula wins face-off versus Evgeny Kuznetsov in EDMONTON ICE zone.
13:45 of 3rd period - Shot by Anthony Cirelli.
13:45 of 3rd period - Shot Misses the Net.
14:17 of 3rd period - Shot by Alexander Ovechkin.
14:17 of 3rd period - Shot Misses the Net.
14:19 of 3rd period - Shot by Joakim Nordstrom.
14:19 of 3rd period - Stopped by Jake Allen without a rebound.
14:20 of 3rd period - Ryan O'Reilly wins face-off versus Matthew Peca in EDMONTON ICE zone.
15:22 of 3rd period - Shot by Vladimir Tarasenko.
15:22 of 3rd period - Stopped by Jake Allen without a rebound.
15:23 of 3rd period - Loui Eriksson wins face-off versus Evgeny Kuznetsov in EDMONTON ICE zone.
15:23 of 3rd period - Loui Eriksson is hit by Evgeny Kuznetsov.
15:29 of 3rd period - Evgeny Kuznetsov is hit by Oscar Lindberg.
15:47 of 3rd period - Off-side.
15:48 of 3rd period - Nick Bjugstad wins face-off versus Ryan O'Reilly in neutral zone.
16:47 of 3rd period - Off-side.
16:48 of 3rd period - Anthony Cirelli wins face-off versus Ondrej Kase in neutral zone.
16:57 of 3rd period - Marcus Pettersson is hit by Valtteri Filppula and loses puck.
17:51 of 3rd period - Jake Bean is hit by Markus Nutivaara and loses puck.
17:56 of 3rd period - Shot by Evgeny Kuznetsov.
17:56 of 3rd period - Shot Misses the Net.
17:58 of 3rd period - Shot by Tyler Bertuzzi.
17:58 of 3rd period - Shot Misses the Net.
18:14 of 3rd period - Jonas Siegenthaler is hit by Tanner Pearson and loses puck.
18:30 of 3rd period - Oscar Lindberg is hit by Jake Bean and loses puck.
18:53 of 3rd period - Shot by Oscar Lindberg.
18:53 of 3rd period - Shot Misses the Net.
19:00 of 3rd period - Icing by Jonas Siegenthaler.
19:01 of 3rd period - Evgeny Kuznetsov wins face-off versus Ryan O'Reilly in KELOWNA ROCKETS zone.
19:21 of 3rd period - EDMONTON ICE, Jake Allen is pulled from the net.
19:21 of 3rd period - Shot by Ryan O'Reilly.
19:21 of 3rd period - Shot Misses the Net.
Goals for this period are 0 for EDMONTON ICE vs 0 for KELOWNA ROCKETS.
Shots for this period are 7 for EDMONTON ICE vs 5 for KELOWNA ROCKETS.


AUSTON
MATTHEWS
JOEL
ERIKSSON
MATHEW
BARZAL

EAST COAST

HOCKEY LEAGUE

  • 21.PIT7MAN3
  • 22.ATL3NHW4
  • 23.WOR5PET4
  • 24.3RHI4
  • 25.QUECHI
  • 26.CHALIM
  • 27.TRVLON
  • 28.CHWBAL